 Dungeon Crawl Stone Soup version 0.23.0-3-gf3c87f2 (webtiles) character file.

Game seed: 7071126613320390273

5406 Tiagovsky the Fighter (level 10, 0/91 HPs)
             Began as a Minotaur Fighter on Feb 21, 2019.
             Was a Priest of Ru.
             Slain by a death yak (11 damage)
             ... on level 8 of the Dungeon on Feb 23, 2019.
             The game lasted 00:44:56 (8881 turns).

Tiagovsky the Fighter (Minotaur Fighter)            Turns: 8881, Time: 00:44:57

Health: 0/91       AC: 22    Str: 23    XL:     10   Next: 40%
Magic:  12/12      EV:  6    Int:  5    God:    Ru [***...]
Gold:   624        SH: 11    Dex: 11    Spells: 9/9 levels left

rFire    + . .     SeeInvis +   w - +2 flail (protect)
rCold    . . .     Gourm    .   c - +0 shield
rNeg     . . .     Faith    .   E - +4 scale mail {rF+}
rPois    +         Spirit   .   b - +2 hat
rElec    .         Reflect  .   (no cloak)
rCorr    .         Harm     .   h - +0 pair of gloves
MR       .....                  C - +0 pair of boots
Stlth    ..........             (no amulet)
HPRegen  0.25/turn              u - ring of see invisible
MPRegen  0.13/turn              I - ring of poison resistance

@: exhausted, about to teleport, protection aura, lightly drained
A: retaliatory headbutt, horns 2, reduced EV 1, unskilled 1
a: Draw Out Power, Renounce Religion


You were on level 8 of the Dungeon.
You worshipped Ru.
Ru was most pleased with you.
You were not hungry.

You visited 2 branches of the dungeon, and saw 10 of its levels.

You collected 624 gold pieces.

Inventory:

Hand Weapons
 q - a +0 hunting sling
 w - a +2 flail of protection (weapon)
Missiles
 g - 231 sling bullets
 i - 8 javelins (quivered)
 n - 395 stones
 K - 9 tomahawks
Armour
 b - a +2 hat (worn)
 c - a +0 shield (worn)
 h - a +0 pair of gloves (worn)
 v - a +0 plate armour
 C - a +0 pair of boots (worn)
 E - a +4 scale mail of fire resistance (worn)
Jewellery
 u - a ring of see invisible (left hand)
 F - a +3 ring of dexterity
 I - a ring of poison resistance (right hand)
Wands
 G - a wand of iceblast (4)
 N - a wand of paralysis (9)
Scrolls
 a - a scroll of fog
 k - 8 scrolls of remove curse
 o - 3 scrolls of identify
 p - 3 scrolls of teleportation
 y - a scroll of amnesia
 z - a scroll of blinking {unknown}
Potions
 e - 3 potions of magic {unknown}
 j - 2 potions of cancellation {unknown}
 l - 2 potions of agility {unknown}
 m - 2 potions of resistance
 s - 2 potions of invisibility
 t - a potion of brilliance {unknown}
 x - 5 potions of curing
 A - 3 potions of flight
 D - a potion of ambrosia {unknown}
 H - a potion of lignification {unknown}
 J - 2 potions of haste {unknown}
 L - 2 potions of mutation {unknown}
 M - a potion of berserk rage {unknown}
Comestibles
 f - 10 rations


   Skills:
 + Level 9.0(8.6) Fighting
 + Level 8.6(8.2) Maces & Flails
 + Level 4.8(4.4) Armour
 + Level 5.7(5.3) Dodging
 + Level 9.0(8.6) Shields
 - Level 4.0(3.6) Evocations


You had 9 spell levels left.
You didn't know any spells.
Your spell library was empty.

Dungeon Overview and Level Annotations

Branches:
Dungeon (9/15)             Temple (1/1) D:5            Lair (0/6) D:9
    Orc: D:9-12

Altars:
Ashenzari
Cheibriados
Dithmenos
Elyvilon
Fedhas
Gozag
Hepliaklqana
Kikubaaqudgha
Makhleb
Nemelex Xobeh
Okawaru
Qazlal
Ru
Sif Muna
Trog
Uskayaw
Vehumet
Wu Jian
Xom
Yredelemnul
Zin
The Shining One

Shops:
D:4 }}?   D:8 }

Annotations:
D:7 3 runed translucent doors, ABBCCCDDDD's ghost, novice CeHu
D:8 2 transporters


Innate Abilities, Weirdness & Mutations

You reflexively headbutt those who attack you in melee.
You have a pair of horns on your head.
You have somewhat slow reflexes. (EV -5)
You are somewhat unskilled. (-1 Apt)


Message History

Okay, then.
Press: ? - help, v - describe, . - travel A stone staircase leading down, spattered with blood.
As you read the scroll of teleportation, it crumbles to dust.
You feel strangely unstable.
The death yak gores you but does no damage. x2
You completely miss the death yak. You headbutt the death yak.
The death yak is severely wounded.
The death yak closely misses you. You furiously retaliate!
You headbutt the death yak. You block the death yak's attack.
You thump the death yak!
The death yak is severely wounded.
The death yak gores you!
* * * LOW HITPOINT WARNING * * *
The death yak gores you!
* * * LOW HITPOINT WARNING * * *
You focus your will and illuminate the death yak in retribution!
Okay, then.
You feel better. The death yak gores you!
You die...

##.#.###?....# #...#....# #....
##.#.#.......# #...#....# #....
##.#.#.#.....# #####....# #####
##.#.#.#.....####### #....# #
##.#.#.#...........# #....# #
##.#.#.###.........# #....#### #
#....#.# #.........# #....(..# #
#..###.# #.....YY..# #######.# #
#..# #.# #......@..# #.......####
...# #.# ########### #..........[
...# #.###############.......####
#..###.#.................####....
#.?#......##############.# #.###
#..#.#....### #.# #.#
#..#.#......# #.# #.#
#....#....#.# #.####.#
#.####....#.# #......#


You could see 2 death yaks.

Vanquished Creatures
  3 death yaks (D:8)
  2 hungry ghosts
  Edmund (D:5)
  A water moccasin (D:8)
  2 sky beasts
  An ice beast (D:6)
  3 ogres
  The ghost of p0werm0de the Ruffian, an amateur BaCK of Xom (D:4)
  2 necrophages (D:8)
  2 phantoms
  3 centaurs
  A big kobold (D:3)
  5 bullfrogs
  3 scorpions
  4 wights (D:6)
  A howler monkey (D:5)
  3 bullfrog zombies
  3 crimson imps
  A quasit (D:7)
  A centaur zombie (D:4)
  5 hounds
  A jelly (D:5)
  2 bullfrog skeletons (D:6)
  5 orc priests
  6 orc wizards
  2 iguanas
  9 worker ants
  3 hound zombies
  Robin (D:4)
  9 gnolls
  8 adders
  A shadow imp (D:7)
  An ooze (D:2)
  2 adder zombies
  4 worms
  2 dart slugs
  2 leopard geckos
  20 orcs
  3 ball pythons
  11 giant cockroaches
  39 goblins
  31 hobgoblins
  21 jackals
  6 kobolds
  2 quokkas
  3 bats
  2 frilled lizards
  6 rats
250 creatures vanquished.

Vanquished Creatures (others)
  An orc wizard (D:7)
1 creature vanquished.

Grand Total: 251 creatures vanquished

Notes
Turn   | Place    | Note
-------+----------+-------------------------------------------
     0 | D:1      | Tiagovsky the Minotaur Fighter began the quest for the Orb.
     0 | D:1      | Reached XP level 1. HP: 19/19 MP: 0/0
   260 | D:1      | Reached XP level 2. HP: 27/27 MP: 1/1
   744 | D:2      | Reached XP level 3. HP: 33/33 MP: 2/2
   768 | D:2      | Found a faded altar of an unknown god.
   772 | D:2      | Reached skill level 1 in Dodging
  1535 | D:3      | Reached XP level 4. HP: 31/41 MP: 3/3
  1809 | D:3      | Noticed a big kobold
  1820 | D:3      | Killed a big kobold
  1820 | D:3      | Reached XP level 5. HP: 41/47 MP: 4/4
  2052 | D:3      | Reached skill level 5 in Shields
  2099 | D:3      | Reached skill level 5 in Fighting
  2314 | D:3      | Reached XP level 6. HP: 55/56 MP: 5/5
  3090 | D:4      | Found Ubran's Gadget Emporium.
  3106 | D:4      | Found Ethroczuts's Gadget Emporium.
  3123 | D:4      | Noticed Robin
  3134 | D:4      | Killed Robin
  3386 | D:4      | Found a transporter.
  3386 | D:4      | Noticed p0werm0de's ghost (amateur BaCK)
  3415 | D:4      | Found a transporter.
  3614 | D:4      | Found Vyocem's Magic Scroll Boutique.
  4120 | D:4      | Killed p0werm0de's ghost
  4120 | D:4      | Reached skill level 5 in Maces & Flails
  4120 | D:4      | Reached XP level 7. HP: 57/62 MP: 6/6
  4194 | D:5      | Entered Level 5 of the Dungeon
  4197 | D:5      | Noticed Edmund
  4218 | D:5      | Killed Edmund
  4421 | D:5      | Reached skill level 5 in Armour
  4497 | D:5      | Found a staircase to the Ecumenical Temple.
  4529 | Temple   | Entered the Ecumenical Temple
  4542 | Temple   | Reached XP level 8. HP: 37/71 MP: 7/7
  4907 | Temple   | Became a worshipper of Ru the Awakened
  5208 | D:5      | Found a burning altar of Makhleb.
  5812 | D:6      | Found a runed translucent door.
  5814 | D:6      | Found a runed translucent door.
  5826 | D:6      | Reached skill level 1 in Evocations
  6094 | D:6      | Reached XP level 9. HP: 79/81 MP: 9/9
  6146 | D:6      | Gained mutation: You have somewhat slow reflexes. (EV -5)
                  | [Ru sacrifice]
  6146 | D:6      | Reached * piety under Ru
  6465 | D:7      | Found a runed translucent gate.
  6465 | D:7      | Found a runed translucent gate.
  6465 | D:7      | Found a runed translucent gate.
  6469 | D:7      | Noticed ABBCCCDDDD's ghost (novice CeHu)
  6966 | D:7      | Reached skill level 5 in Dodging
  7391 | D:8      | Found Lyjebb's Gadget Boutique.
  7581 | D:8      | Found a transporter.
  7881 | D:8      | Found a transporter.
  7883 | D:8      | Found the +2 pair of boots of the Assassin {Detection Stab+
                  | Stlth++}
  7926 | D:8      | Gained mutation: You are somewhat unskilled. (-1 Apt) [Ru
                  | sacrifice]
  7926 | D:8      | Reached ** piety under Ru
  7926 | D:8      | Reached *** piety under Ru
  8101 | D:8      | Reached skill level 5 in Dodging
  8374 | D:9      | Found a staircase to the Lair.
  8374 | D:9      | Noticed a death yak
  8374 | D:9      | Noticed a death yak
  8374 | D:9      | Noticed a death yak
  8376 | D:9      | Noticed a death yak
  8378 | D:9      | Noticed a death yak
  8378 | D:9      | Noticed a death yak
  8399 | D:8      | Killed a death yak
  8399 | D:8      | Reached XP level 10. HP: 38/90 MP: 11/11
  8415 | D:8      | Killed a death yak
  8681 | D:9      | Noticed a death yak
  8697 | D:8      | Killed a death yak
  8880 | D:8      | HP: 3/91 [death yak (17)]
  8881 | D:8      | Slain by a death yak

Skill      XL: |  1  2  3  4  5  6  7  8  9 10 |
---------------+-------------------------------+-----
Fighting       | 4 5 6 8 8 9 |  9.0
Shields        | 4 5 6 8 8 9 |  9.0
Maces & Flails | 3 4 5 7 8 |  8.6
Dodging        | 1 2 3 4 5 |  5.7
Armour         | 4 5 4 |  4.8
Evocations     | 2 3 4 |  4.0

Action                   |  1- 3 |  4- 6 |  7- 9 | 10-12 || total
-------------------------+-------+-------+-------+-------++-------
Melee: Flail             |    97 |   220 |   422 |    44 ||   783
       Headbutt          |     9 |    47 |    95 |    12 ||   163
 Fire: Hunting sling     |       |       |    23 |       ||    23
Throw: Javelin           |     3 |       |     2 |       ||     5
Invok: Draw Out Power    |       |       |     1 |     2 ||     3
       Sacrifice Health  |       |       |     1 |       ||     1
       Sacrifice Skill   |       |       |     1 |       ||     1
  Use: Scroll            |       |       |    13 |     1 ||    14
       Potion            |       |       |     3 |     1 ||     4
 Stab: Distracted        |       |       |     1 |       ||     1
  Eat: Chunk             |     2 |     8 |    15 |     1 ||    26
       Ration            |       |       |     2 |     1 ||     3
Armor: Scale mail        |    45 |    83 |   254 |    24 ||   406
       Plate armour      |       |    39 |    13 |       ||    52
Dodge: Dodged            |    27 |    88 |   158 |    14 ||   287
Block: Shield            |    44 |   181 |   291 |    26 ||   542
